 Dungeon Crawl Stone Soup version 0.31-a0-700-gf13585253f (webtiles) character file.

Game seed: 15886638808068553635

648 qw the Skirmisher (level 7, -2/44 HPs)
             Began as a Gargoyle Hunter on Sept 7, 2023.
             Was an Initiate of Okawaru.
             Slain by Duvessa
             ... wielding a +1 short sword of draining
              (9 damage)
             ... on level 5 of the Dungeon.
             The game lasted 00:01:26 (2302 turns).

qw the Skirmisher (Gargoyle Hunter)                 Turns: 2302, Time: 00:01:26

Health: -2/44      AC: 10    Str: 14    XL:     7   Next: 53%
Magic:  7/7        EV: 15    Int: 10    God:    Okawaru [......]
Gold:   130        SH:  0    Dex: 15    Spells: 6/6 levels left

rFire   . . .        Y - +1 orcbow
rCold   + . .        (shield currently unavailable)
rNeg    + . .        k - +0 ring mail
rPois   inf          (no helmet)
rElec   +            (no cloak)
rCorr   .            (no gloves)
SInv    .            (no boots)
Will    .....        (no amulet)
Stlth   +            f - +5 ring of evasion
HPRegen 0.27/turn    g - ring of protection from cold
MPRegen 0.10/turn

%: no passive effects
@: no status effects
A: sickness immunity, AC +4, negative energy resistance 1, electricity
resistance, torment resistance 1, petrification resistance
a: Renounce Religion


You were on level 5 of the Dungeon.
You worshipped Okawaru.
Okawaru was noncommittal.
You visited 2 branches of the dungeon, and saw 6 of its levels.

You collected 130 gold pieces.


Innate Abilities, Weirdness & Mutations

You are immune to sickness and miasma.
Your stone body is resilient. (AC +4)
You are immune to poison.
You resist negative energy. (rN+)
You are resistant to electric shocks. (rElec)
You are resistant to unholy torment.
You are immune to petrification.


   Skills:
 + Level 4.5 Fighting
 - Level 8.0 Ranged Weapons
 - Level 1.2 Armour
 - Level 1.5 Dodging
 - Level 1.1 Stealth
 - Level 0.2 Invocations


You had 6 spell levels left.
You didn't know any spells.
Your spell library was empty.

Inventory:

Hand Weapons
 Y - a +1 orcbow (weapon)
Armour
 k - a +0 ring mail (worn)
Jewellery
 f - a +5 ring of evasion (left hand)
 g - a ring of protection from cold (right hand)
Scrolls
 a - a scroll of identify
Potions
 b - a potion of brilliance {unknown}
 c - a potion of mutation {unknown}
 d - a potion of enlightenment {unknown}
 e - a potion of attraction {unknown}
 h - a potion of degeneration {unknown}
 i - 2 potions of curing {unknown}

Dungeon Overview and Level Annotations

Branches:
Dungeon (5/15)             Temple (1/1) D:4

Altars:
Ashenzari
Cheibriados
Fedhas
Hepliaklqana
Makhleb
Nemelex Xobeh
Okawaru
Qazlal
Trog
Uskayaw
Vehumet
Wu Jian
Xom
Yredelemnul
Zin
The Shining One

Shops:
D:1 (!*   D:3 [

Annotations:
D:5 Duvessa


Message History

The gnoll shouts!
The arrow hits the gnoll!
The gnoll is almost dead.
You shoot an arrow. The arrow barely misses the gnoll.
You hear a shout!
Duvessa, Sister of Dowan comes into view.
She is wielding a +1 short sword of draining and carrying a wand of polymorph.
You shoot an arrow. The arrow closely misses the gnoll.
Duvessa goes berserk!
You shoot an arrow. The arrow hits the gnoll.
You kill the gnoll!
Okawaru accepts your kill.
Your Ranged Weapons skill increases to level 8!
You shoot an arrow. The arrow hits Duvessa.
Duvessa is lightly wounded.
Duvessa hits you with a +1 short sword of draining!!
Duvessa misses you.
You shoot an arrow.
The arrow hits Duvessa but does no damage.
Duvessa is lightly wounded.
Duvessa hits you but does no damage.
Duvessa hits you with a +1 short sword of draining.
You shoot an arrow.
The arrow hits Duvessa but does no damage.
Duvessa is lightly wounded.
Duvessa hits you with a +1 short sword of draining.
Duvessa hits you with a +1 short sword of draining!
You shoot an arrow.
The arrow hits Duvessa but does no damage.
Duvessa is lightly wounded.
Duvessa hits you with a +1 short sword of draining.
You shoot an arrow.
The arrow hits Duvessa but does no damage.
Duvessa is lightly wounded.
Duvessa misses you. Duvessa barely misses you.
You shoot an arrow.
The arrow hits Duvessa but does no damage.
Duvessa is lightly wounded.
Duvessa hits you but does no damage.
Duvessa hits you with a +1 short sword of draining!
You die...

#######.##.#.# .##.#
.....<.....#.###./..#
.....###............
.... ##...).#.#.# ...
####........# ..
#.....##....# .
#.######....#
#.##........#.#.#
#.##.###.@......#
#....)...e....###
####.####..####
#........# #g.....#.#
##........#
#.)....#.# #g.....#..
#e...###


You could see Duvessa (berserk).

Vanquished Creatures
  Blork the orc (D:4)
  4 wights (D:4)
  Dowan (D:5)
  A hound (D:5)
  A gnoll bouda (D:5)
  An iguana (D:4)
  An orc wizard (D:4)
  4 gnolls
  7 adders
  A shadow imp (D:4)
  5 dart slugs
  4 orcs
  7 endoplasms
  A giant cockroach (D:3)
  5 goblins
  7 hobgoblins
  11 jackals
  4 quokkas
  9 ball pythons
  9 bats
  3 frilled lizards (D:3)
  5 kobolds
  A rat (D:1)
93 creatures vanquished.

Vanquished Creatures (others)
  A goblin (D:3)
1 creature vanquished.

Grand Total: 94 creatures vanquished

Notes
Turn   | Place    | Note
-------+----------+-------------------------------------------
     0 | D:1      | qw the Gargoyle Hunter began the quest for the Orb.
     0 | D:1      | Reached XP level 1. HP: 12/12 MP: 1/1
     0 | D:1      | 0 ||| qw: Version: 0.3-a-76-g4403597
     0 | D:1      | 0 ||| qw: Game counter: 466
     0 | D:1      | 0 ||| qw: Melee chars always use a shield: true
     0 | D:1      | 0 ||| qw: God list: Okawaru
     0 | D:1      | 0 ||| qw: Allow faded altars: false
     0 | D:1      | 0 ||| qw: Do Orc after clearing Dungeon:15 true
     0 | D:1      | 0 ||| qw: Do second Lair branch before Depths: true
     0 | D:1      | 0 ||| qw: Lair rune preference: random
     0 | D:1      | 0 ||| qw: Goals: Normal
     0 | D:1      | 0 ||| PLANNING D:1-11
     5 | D:1      | Found Orchyilut's Assorted Antiques.
    13 | D:1      | 13 ||| SHOPLISTING amethyst potion (19 gold, have 15).
    13 | D:1      | 13 ||| SHOPLISTING emerald potion (19 gold, have 15).
    13 | D:1      | 13 ||| SHOPLISTING lumpy dark potion (19 gold, have 15).
    13 | D:1      | 13 ||| SHOPLISTING ruby potion (19 gold, have 15).
    13 | D:1      | 13 ||| SHOPLISTING scroll labelled IZIAXKY UTUS RAG (22
                  | gold, have 15).
    13 | D:1      | 13 ||| SHOPLISTING scroll labelled JOHYAT COG (22 gold,
                  | have 15).
    13 | D:1      | 13 ||| SHOPLISTING scroll labelled MUKASA ISODO (22 gold,
                  | have 15).
    13 | D:1      | 13 ||| SHOPLISTING scroll labelled NULOAK KEFEH (22 gold,
                  | have 15).
    13 | D:1      | 13 ||| SHOPLISTING scroll labelled ODAILE FOTZUU (22 gold,
                  | have 15).
    35 | D:1      | Found Kav Gog's Distillery.
    41 | D:1      | Found Pinecom's Antique Weapon Shop.
    53 | D:1      | 53 ||| SHOPLISTING potion of curing (30 gold, have 24).
    53 | D:1      | 53 ||| SHOPLISTING potion of haste (100 gold, have 24).
    53 | D:1      | 53 ||| SHOPLISTING potion of heal wounds (50 gold, have
                  | 24).
    53 | D:1      | 53 ||| SHOPLISTING potion of mutation (80 gold, have 24).
    73 | D:1      | Reached XP level 2. HP: 17/17 MP: 2/2
    77 | D:1      | 77 ||| SHOPLISTING runed orcbow (136 gold, have 24).
   236 | D:1      | 236 ||| RETREATING.
   239 | D:1      | 239 ||| Stepping ~*~*~tactically~*~*~ (retreating).
   241 | D:1      | Reached XP level 3. HP: 11/21 MP: 3/3
   254 | D:1      | Reached skill level 5 in Ranged Weapons
   517 | D:1      | 517 ||| UPGRADING to +5 ring of evasion.
   518 | D:1      | 518 ||| UPGRADING to ring of protection from cold.
   519 | D:1      | 519 ||| READING scroll labelled TUEDEPL GOUNEH.
   520 | D:1      | 520 ||| READING scroll labelled NULOAK KEFEH.
   521 | D:1      | 521 ||| DROPPING scroll of butterflies.
   558 | D:2      | 558 ||| STAIRDANCE
   604 | D:2      | 604 ||| SWAPPING to +0 orcbow.
   607 | D:2      | Reached skill level 3 in Fighting
   607 | D:2      | 607 ||| DROPPING +1 shortbow.
   631 | D:2      | Reached XP level 4. HP: 28/28 MP: 4/4
   641 | D:2      | Found a sparkling altar of Nemelex Xobeh.
   697 | D:2      | 697 ||| READING scroll of enchant weapon.
   697 | D:2      | 697 ||| ENCHANTING +0 orcbow.
   969 | D:2      | 969 ||| UPGRADING to +0 ring mail.
   987 | D:2      | 987 ||| DROPPING +0 leather armour.
  1046 | D:2      | 1046 ||| READING scroll labelled DIEDALEEKIE.
  1047 | D:2      | 1047 ||| READING scroll labelled IZIAXKY UTUS RAG.
  1048 | D:2      | 1048 ||| READING scroll labelled ODAILE FOTZUU.
  1062 | D:3      | Found Lan Izel's Armour Emporium.
  1064 | D:3      | 1064 ||| STAIRDANCE
  1071 | D:2      | Reached skill level 1 in Armour
  1071 | D:2      | Reached XP level 5. HP: 31/32 MP: 5/5
  1074 | D:3      | 1074 ||| STAIRDANCE
  1077 | D:3      | 1077 ||| STAIRDANCE
  1108 | D:3      | 1108 ||| SHOPLISTING +0 leather armour "Ivelay" {Dex+5}
                  | (234 gold, have 96).
  1108 | D:3      | 1108 ||| SHOPLISTING +2 pair of boots of stealth (258 gold,
                  | have 96).
  1108 | D:3      | 1108 ||| SHOPLISTING +2 troll leather armour (324 gold,
                  | have 96).
  1221 | D:3      | Found a shimmering altar of Xom.
  1358 | D:3      | Found a faded altar of an unknown god.
  1379 | D:3      | Reached skill level 6 in Ranged Weapons
  1543 | D:4      | Noticed Blork the orc
  1551 | D:4      | Killed Blork the orc
  1552 | D:4      | Reached XP level 6. HP: 35/39 MP: 6/6
  1567 | D:4      | Found a hide-covered altar of Uskayaw.
  1678 | D:4      | Found a staircase to the Ecumenical Temple.
  1679 | D:4      | 1679 ||| PLANNING TEMPLE
  1679 | D:4      | 1679 ||| DRINKING 2 cyan potions.
  1684 | D:4      | 1684 ||| DROPPING potion of ambrosia.
  1693 | Temple   | Entered the Ecumenical Temple
  1694 | Temple   | 1694 ||| PLANNING OKAWARU WORSHIP
  1703 | Temple   | Became a worshipper of Warmaster Okawaru
  1704 | Temple   | 1704 ||| PLANNING D:1-11
  2009 | D:4      | Reached skill level 7 in Ranged Weapons
  2014 | D:4      | Reached XP level 7. HP: 43/44 MP: 7/7
  2185 | D:4      | 2185 ||| READING 2 scrolls labelled MUKASA ISODO.
  2186 | D:4      | 2186 ||| DROPPING scroll of fog.
  2208 | D:5      | Entered Level 5 of the Dungeon
  2233 | D:5      | Reached * piety under Okawaru
  2262 | D:5      | Noticed Dowan
  2263 | D:5      | 2263 ||| FLEEEEING.
  2264 | D:5      | 2264 ||| FLEEEEING.
  2265 | D:5      | 2265 ||| INVOKING Heroism.
  2266 | D:5      | 2266 ||| Stepping ~*~*~tactically~*~*~ (outnumbered).
  2273 | D:5      | 2273 ||| Stepping ~*~*~tactically~*~*~ (retreating).
  2275 | D:5      | Killed Dowan
  2276 | D:5      | 2276 ||| FLEEEEING.
  2277 | D:5      | 2277 ||| FLEEEEING.
  2278 | D:5      | 2278 ||| FLEEEEING.
  2280 | D:5      | 2280 ||| FLEEEEING.
  2281 | D:5      | 2281 ||| FLEEEEING.
  2282 | D:5      | 2282 ||| FLEEEEING.
  2283 | D:5      | 2283 ||| FLEEEEING.
  2284 | D:5      | 2284 ||| FLEEEEING.
  2294 | D:5      | Noticed Duvessa
  2297 | D:5      | Reached skill level 8 in Ranged Weapons
  2299 | D:5      | HP: 9/44 [Duvessa/+1 short sword of draining (8)]
  2302 | D:5      | Slain by Duvessa

Levels and vault maps discovered:
D:1:      spicycebolla_green_bress_n_ham, layout_rooms, serial_shops, shop,
          nicolae_shop_window_shopping, shop_fountains, serial_bayou_ford_a,
          st_stairs_12
D:2:      layout_basic, basic_altar, kennysheep_doodads, glass_columns_b
D:3:      layout_rooms, xom_confusion_cloud, shapermc_ecumenical_altar_venn,
          serial_shops, shop
D:4:      layout_gridville, nicolae_overflow_crystal_walls,
          minmay_temple_entry_mist, kennysheep_small_spiral,
          nicolae_nh_ransacked_shop, uniq_blork_the_orc
D:5:      layout_basic, mainiacjoe_overflow_alcove_2, uniq_duvessa
Temple:   nicolae_temple_two_arcs

Skill      XL: |  1  2  3  4  5  6  7 |
---------------+----------------------+-----
Ranged Weapons | 5 6 7 8 |  8.0
Fighting       | 3 4 |  4.5
Armour         | 1 |  1.2
Dodging        | |  1.5
Stealth        | |  1.1
Invocations    | |  0.2

Action                     |  1- 3 |  4- 6 |  7- 9 || total
---------------------------+-------+-------+-------++-------
   Fire: Shortbow          |    88 |       |       ||    88
         Orcbow            |    17 |   174 |    37 ||   228
 Invoke: Heroism           |       |       |     1 ||     1
    Use: Scroll            |     2 |     4 |     1 ||     7
         Potion            |       |     1 |       ||     1
 Armour: Leather armour    |    26 |    16 |       ||    42
         Ring mail         |       |    31 |    17 ||    48
         Skin              |       |     2 |       ||     2
  Dodge: Dodged            |    29 |   117 |    13 ||   159

Table legend:
 A = Non-vault XP
 B = Vault XP
 C = Vault XP percentage of total XP
 D = Non-vault monster count
 E = Vault monster count
 F = Vault count percentage of total count
                 A         B        C        D         E       F
            +---------+---------+-------+---------+---------+-------
      Total |     704 |     222 |  24.0 |      79 |      14 |  15.1
            +---------+---------+-------+---------+---------+-------
        D:1 |      64 |       1 |   1.5 |      23 |       1 |   4.2
        D:2 |     111 |       0 |   0.0 |      27 |       0 |   0.0
        D:3 |      41 |      13 |  24.1 |      15 |       8 |  34.8
        D:4 |     359 |     141 |  28.2 |       9 |       4 |  30.8
        D:5 |     129 |      67 |  34.2 |       5 |       1 |  16.7
            +---------+---------+-------+---------+---------+-------
